 Dungeon Crawl Stone Soup version 0.19-a0-526-gbe2e51c (webtiles) character file.

24182 ololoev the Thaumaturge (level 12, 0/59 HPs)
             Began as a Deep Elf Fire Elementalist on June 6, 2016.
             Was the Champion of Sif Muna.
             Slain by a thrashing horror (13 damage)
             ... on level 3 of the Abyss on June 7, 2016.
             The game lasted 01:05:55 (6273 turns).

ololoev the Thaumaturge (DEFE)                      Turns: 6273, Time: 01:05:56

Health: 0/59       AC: 11    Str:  5    XL:     12   Next: 78%
Magic:  4/31       EV: 13    Int: 26    God:    Sif Muna [******]
Gold:   416        SH:  7    Dex: 15    Spells: 9 memorised, 6 levels left

rFire  . . .     SeeInvis .     a - +3 falchion "Jashar" {vamp, rElec}
rCold  . . .     Gourm    .     K - +2 robe {Archmagi}
rNeg   + + .     Faith    .     j - +2 buckler {rN+}
rPois  .         Spirit   .     z - +0 helmet
rElec  +         Dismiss  .     f - +0 cloak
rCorr  .         Reflect  .     F - +0 pair of gloves
SustAt .         Harm     .     (no boots)
MR     +....                    M - amulet of regeneration
Stlth  +.........               n - +3 ring of protection
                                x - ring of positive energy

@: about to teleport, very slightly contaminated, delayed fireball, glowing,
somewhat resistant to hostile enchantments, very unstealthy
A: no striking features
a: Channel Energy, Forget Spell, Renounce Religion, Release Delayed Fireball

Inventory:

Hand Weapons
 a - the +3 falchion "Jashar" (weapon) {vamp, rElec}
   (You found it on level 11 of the Dungeon)

   It inflicts no extra harm, but heals its wielder somewhat when it strikes a
   living foe.
   It insulates you from electricity.
 b - the +12 rapier "Neuw" {venom, rF++ MR-}
   (You found it on level 11 of the Dungeon)

   It poisons the flesh of those it strikes.
   It greatly protects you from fire.
   It affects your resistance to hostile enchantments.
Armour
 f - a +0 cloak (worn)
 j - a +2 buckler of positive energy (worn)
 z - a +0 helmet (worn)
 F - a +0 pair of gloves (worn)
 K - a +2 robe of the Archmagi (worn)
Jewellery
 m - an uncursed ring of flight
 n - a +3 ring of protection (right hand)
 x - a ring of positive energy (left hand)
 M - an amulet of regeneration (around neck)
Wands
 p - a wand of digging (5/24)
 C - a wand of teleportation (2/9)
 D - a wand of acid (8/15)
Scrolls
 h - 2 scrolls of fog
 i - a scroll of immolation {unknown}
 l - 2 scrolls of fear {unknown}
 q - 2 scrolls of magic mapping
 s - 4 scrolls of remove curse
 t - a scroll of enchant armour {unknown}
 u - a scroll of amnesia {unknown}
 y - a scroll of enchant weapon {unknown}
 J - a scroll of recharging {unknown}
Potions
 d - a potion of might
 e - a potion of heal wounds
 k - 2 potions of curing
 A - a potion of degeneration {unknown}
 E - a potion of experience {unknown}
 H - a potion of berserk rage {unknown}
 I - a potion of resistance {unknown}
Books
 G - Sif Muna's Compendium of Dislocated Combat Magic
   (Sif Muna gifted it to you on level 11 of the Dungeon)

   Spells                             Type                      Level
   a - Shock                          Conjuration/Air              1
   b - Passage of Golubria            Translocation                4
   c - Bolt of Magma                  Conjuration/Fire/Earth       5
   d - Conjure Ball Lightning         Conjuration/Air              6
   e - Delayed Fireball               Conjuration/Fire             7
   f - Orb of Destruction             Conjuration                  7
   g - Fire Storm                     Conjuration/Fire             9
 N - Sif Muna's Tome of Supportive Stolen Souls
   (Sif Muna gifted it to you on level 2 of the Orcish Mines)

   Spells                             Type                      Level
   a - Summon Guardian Golem          Hexes/Summoning              3
   b - Recall                         Summoning/Translocation      3
   c - Summon Demon                   Summoning                    5
   d - Death Channel                  Necromancy                   6
   e - Shadow Creatures               Summoning                    6
Comestibles
 c - 2 bread rations


   Skills:
 + Level 4.5 Armour
 - Level 2.4 Dodging
 - Level 2.4 Stealth
 + Level 5.0 Shields
 * Level 13.7 Spellcasting
 * Level 11.6 Conjurations
 * Level 12.2 Fire Magic
 + Level 8.4 Invocations


You had 6 spell levels left.
You knew the following spells:

 Your Spells              Type           Power        Failure   Level  Hunger
a - Flame Tongue          Conj/Fire      #####        1%          1    None
b - Conjure Flame         Conj/Fire      #######.     1%          3    None
c - Sticky Flame          Conj/Fire      #######.     1%          4    None
d - Fireball              Conj/Fire      #######...   1%          5    ##.....
e - Inner Flame           Hex/Fire       ######..     1%          3    None
g - Orb of Destruction    Conj           #######...   24%         7    ######.
h - Passage of Golubria   Tloc           N/A          38%         4    None
i - Mephitic Cloud        Conj/Pois/Air  ######..     1%          3    None
q - Delayed Fireball      Conj/Fire      N/A          24%         7    ######.


You were on level 3 of the Abyss.
You worshipped Sif Muna.
Sif Muna was exalted by your worship.
You were not hungry.

You visited 3 branches of the dungeon, and saw 15 of its levels.
You visited the Abyss 1 time.

You collected 515 gold pieces.
You spent 99 gold pieces at shops.

......... #'#
...#..#..##G##
..##..#..#...#
....(...†#.⌠.# ..
.##......#...# ....
##..#..#'''#....#
##..#....∩......#
#......A....X.....
#.....@X..........
..#..##..##..##..##
###.. #..##..# #
#... ......... . .
.. ........... .
.##..##..##.. ..
#..# .. .. .... ..

Notes
Turn   | Place    | Note
--------------------------------------------------------------
     0 | D:1      | ololoev the Deep Elf Fire Elementalist began the quest for the Orb.
     0 | D:1      | Reached XP level 1. HP: 10/10 MP: 6/6
   116 | D:2      | Reached XP level 2. HP: 14/15 MP: 1/8
   268 | D:3      | Found a sacrificial altar of Ru.
   348 | D:3      | Reached XP level 3. HP: 17/19 MP: 3/9
   355 | D:3      | Learned a level 3 spell: Conjure Flame
   359 | D:3      | Learned a level 3 spell: Inner Flame
   438 | D:4      | Found an iron altar of Okawaru.
   496 | D:4      | Found a staircase to the Ecumenical Temple.
   505 | Temple   | Entered the Ecumenical Temple
   509 | Temple   | Became a worshipper of Sif Muna the Loreminder
   647 | D:5      | Entered Level 5 of the Dungeon
   707 | D:4      | Reached XP level 4. HP: 21/24 MP: 5/11
   952 | D:5      | Noticed an orc warrior
  1034 | D:5      | Found a shattered altar of Ashenzari.
  1114 | D:5      | Reached skill level 4 in Spellcasting
  1179 | D:6      | Found Zin's Purification Station.
  1179 | D:6      | Found a glowing silver altar of Zin.
  1227 | D:6      | Found a glowing golden altar of the Shining One.
  1275 | D:6      | Noticed an orc warrior
  1307 | D:5      | Found a radiant altar of Vehumet.
  1360 | D:6      | Noticed a giant frog
  1370 | D:6      | Killed a giant frog
  1370 | D:6      | Reached skill level 1 in Invocations
  1370 | D:6      | Reached XP level 5. HP: 19/28 MP: 6/13
  1376 | D:6      | Learned a level 4 spell: Sticky Flame
  1392 | D:7      | Noticed an orc warrior
  1397 | D:7      | Killed an orc warrior
  1397 | D:7      | Reached * piety under Sif Muna
  1397 | D:7      | Reached XP level 6. HP: 12/32 MP: 1/15
  1428 | D:6      | Reached skill level 5 in Spellcasting
  1428 | D:6      | Reached skill level 5 in Fire Magic
  1637 | D:7      | Noticed an orc warrior
  1651 | D:7      | Noticed a water moccasin
  1748 | D:7      | Learned a level 5 spell: Fireball
  1755 | D:7      | Killed a water moccasin
  1755 | D:7      | Reached skill level 5 in Conjurations
  1755 | D:7      | Reached XP level 7. HP: 27/36 MP: 6/17
  1833 | D:7      | Reached skill level 6 in Spellcasting
  1865 | D:7      | Reached ** piety under Sif Muna
  1970 | D:7      | Noticed a hippogriff
  1979 | D:7      | Killed a hippogriff
  2141 | D:9      | Reached skill level 7 in Spellcasting
  2141 | D:9      | Reached XP level 8. HP: 41/41 MP: 14/20
  2175 | D:9      | Found a burning altar of Makhleb.
  2312 | D:8      | Noticed tstbtto's ghost (novice GrBe)
  2354 | D:9      | Reached *** piety under Sif Muna
  2378 | D:9      | Upgraded the game from 0.19-a0-517-gd6a9987 to 0.19-a0-526-gbe2e51c
  2493 | D:9      | Reached skill level 8 in Spellcasting
  2758 | D:9      | Reached XP level 9. HP: 35/45 MP: 10/23
  2858 | D:9      | Reached **** piety under Sif Muna
  2909 | D:10     | Entered Level 10 of the Dungeon
  3040 | D:10     | Found Roarekh's Antique Armour Shop.
  3045 | D:10     | Bought a runed buckler for 99 gold pieces
  3118 | D:10     | Reached skill level 9 in Spellcasting
  3167 | D:10     | Found Uggistra's Gadget Shop.
  3210 | D:10     | Found a staircase to the Lair.
  3228 | D:10     | Found Paiwn's Armour Boutique.
  3270 | D:10     | Reached skill level 1 in Shields
  3270 | D:10     | Reached skill level 5 in Invocations
  3300 | D:10     | Noticed a troll
  3303 | D:10     | Killed a troll
  3390 | D:11     | Reached ***** piety under Sif Muna
  3410 | D:11     | Noticed a cyclops
  3468 | D:10     | Reached skill level 10 in Spellcasting
  3468 | D:10     | Reached skill level 1 in Armour
  3469 | D:10     | Reached XP level 10. HP: 44/50 MP: 14/26
  3640 | D:11     | Noticed Maud
  3803 | D:11     | Killed Maud
  3868 | D:11     | Noticed Harold
  3874 | D:11     | Killed Harold
  3874 | D:11     | Reached skill level 11 in Spellcasting
  3977 | D:11     | Reached ****** piety under Sif Muna
  3982 | D:11     | Reached skill level 10 in Fire Magic
  4082 | D:11     | Reached XP level 11. HP: 42/54 MP: 4/28
  4082 | D:11     | Received a gift from Sif Muna
  4083 | D:11     | Identified Sif Muna's Compendium of Dislocated Combat Magic (Sif Muna gifted it to you on level 11 of the Dungeon)
  4117 | D:11     | Learned a level 7 spell: Delayed Fireball
  4125 | D:11     | Learned a level 7 spell: Orb of Destruction
  4130 | D:11     | Learned a level 4 spell: Passage of Golubria
  4250 | D:11     | Noticed Maurice
  4254 | D:11     | Killed Maurice
  4302 | D:11     | Got a bloodstained rapier
  4303 | D:11     | Identified the +12 rapier "Neuw" {venom, rF++ MR-} (You found it on level 11 of the Dungeon)
  4410 | D:12     | Learned a level 3 spell: Mephitic Cloud
  4450 | D:11     | Noticed Josephine
  4459 | D:11     | Killed Josephine
  4478 | D:11     | Reached skill level 10 in Conjurations
  4555 | D:11     | Got a smoking falchion
  4560 | D:11     | Identified the +3 falchion "Jashar" {vamp, rElec} (You found it on level 11 of the Dungeon)
  4652 | D:11     | Noticed a hill giant
  4663 | D:11     | Killed a hill giant
  4879 | D:12     | Killed an unseen horror
  4879 | D:12     | Reached skill level 12 in Spellcasting
  4911 | D:12     | Found a staircase to the Orcish Mines.
  4942 | Orc:1    | Entered Level 1 of the Orcish Mines
  5066 | Orc:1    | Noticed an orc knight
  5069 | Orc:1    | Noticed an enchanted great sword
  5120 | Orc:1    | Noticed an orc knight
  5163 | Orc:1    | Killed an orc knight
  5262 | Orc:1    | Killed an orc knight
  5297 | Orc:2    | Entered Level 2 of the Orcish Mines
  5301 | Orc:2    | Noticed an orc knight
  5310 | Orc:2    | Killed an orc knight
  5504 | Orc:2    | Found Hisyff's Jewellery Boutique.
  5522 | Orc:2    | Found a staircase to the Elven Halls.
  5537 | Orc:2    | Reached XP level 12. HP: 55/59 MP: 18/30
  5601 | Orc:2    | Noticed an ogre mage
  5696 | Orc:2    | Killed an ogre mage
  5723 | Orc:2    | Noticed an ogre mage
  5727 | Orc:2    | Killed an ogre mage
  5727 | Orc:2    | Reached skill level 13 in Spellcasting
  5729 | Orc:2    | Noticed an ogre mage
  5737 | Orc:2    | Killed an ogre mage
  5737 | Orc:2    | Received a gift from Sif Muna
  5738 | Orc:2    | Identified Sif Muna's Tome of Supportive Stolen Souls (Sif Muna gifted it to you on level 2 of the Orcish Mines)
  5758 | Orc:2    | Found Harutoci's Gadget Emporium.
  5758 | Orc:2    | Found Sakef's Magic Scroll Boutique.
  5758 | Orc:2    | Found Boudi's Gadget Shop.
  5758 | Orc:2    | Found Bicwied's Antique Weapon Emporium.
  5878 | Orc:2    | Noticed an ogre mage
  5882 | Orc:2    | Cast into level 2 of the Abyss (an ogre mage)
  5903 | Abyss:2  | Found a sparkling altar of Nemelex Xobeh.
  6003 | Abyss:2  | Found a corrupted altar of Lugonu.
  6003 | Abyss:2  | Noticed a bone dragon
  6065 | Abyss:2  | Noticed a rakshasa
  6086 | Abyss:2  | Killed a rakshasa
  6120 | Abyss:2  | Noticed a red very ugly thing
  6233 | Abyss:3  | Reached skill level 5 in Shields
  6237 | Abyss:3  | Noticed an angel
  6264 | Abyss:3  | Found a glowing golden altar of the Shining One.
  6264 | Abyss:3  | Noticed an ophan
  6266 | Abyss:3  | Noticed an ophan
  6273 | Abyss:3  | Slain by a thrashing horror

Dungeon Overview and Level Annotations

Branches:
Dungeon (12/15)            Temple (1/1) D:4            Lair (0/8) D:10
    Orc (2/2) D:12            Elf (0/3) Orc:2

Altars:
Ashenzari
Elyvilon
Fedhas
Kikubaaqudgha
Makhleb
Okawaru
Ru
Sif Muna
Vehumet
Zin
The Shining One

Shops:
D:6 *   D:10 [}[   Orc:2 ?(}}=

Annotations:
D:8 tstbtto's ghost, novice GrBe
Orc:2 exclusion: upstairs


Message History

The flying skull burns!
Use which ability? (? or * to list)
You channel some magical energy.
You are feeling very hungry.
The flying skull closely misses you.
An angel comes into view. It is wielding a whip of holy wrath.
Use which ability? (? or * to list)
You channel some magical energy.
You feel somewhat more hungry.
The flying skull burns!
The flying skull hits you but does no damage.
Casting: Sticky Flame
Confirm with . or Enter, or press ? or * to list all spells.
Aiming: Fireball
Press: ? - help, Shift-Dir - straight line, p - flying skull You feel a surge of power!
The fireball explodes!
The fireball engulfs the flying skull.
The flying skull resists.
The flying skull is heavily damaged.
The flying skull burns!
The flying skull stops burning.
The flying skull hits you. The flying skull misses you.
The flying skull hits you but does no damage.
Casting: Fireball
Confirm with . or Enter, or press ? or * to list all spells.
Aiming: Sticky Flame
Press: ? - help, Shift-Dir - straight line, f - flying skull
Aim: a flying skull (severely damaged, haloed)
You feel a surge of power!
The sticky flame hits the flying skull.
The flying skull resists.
The flying skull is almost destroyed.
The flying skull is covered in liquid flames!
The flying skull hits you.
The flying skull burns!
You destroy the flying skull!
Use which ability? (? or * to list)
You channel some magical energy.
You are near starving!
Eat which item? (? for menu, Esc to quit)
Mmm...
Edam pizza.
The angel hits you but does no damage.
The angel hits you with a whip of holy wrath!
A large abomination comes into view.
There is an empty arch of ancient stone here.
There is an open gate here.
The angel hits you with a whip of holy wrath!
The angel completely misses you.
Your extra speed is starting to run out.
You open the door.
An ophan comes into view.
The ophan turns its gaze towards you. You block the angel's attack.
The angel misses you.
Found a glowing golden altar of the Shining One.
Evoke which item? (* to show all) (? for menu, Esc to quit)
Okay, then.
Casting: Sticky Flame
Confirm with . or Enter, or press ? or * to list all spells.
Aiming: Passage of Golubria
Press: ? - help, Dir - move target cursor You feel a surge of power!
The angel hits you with a whip of holy wrath.
The angel hits you but does no damage.
An ophan comes into view.
The angel barely misses you. The angel hits you but does no damage.
The angel barely misses you. The angel hits you but does no damage.
The ophan enters the passage of Golubria.
The ophan turns its gaze towards you.
A thrashing horror comes into view.
There is an open gate here.
You feel yourself slow down.
The thrashing horror roars!
There is an empty arch of ancient stone here.
The angel hits you but does no damage. x2
As you read the scroll of teleportation, it crumbles to dust.
You feel strangely unstable.
You feel the power of the Abyss delaying your translocation!
The thrashing horror tramples you!
You stumble backwards!
The angel hits you but does no damage.
The angel hits you with a whip of holy wrath.
The thrashing horror roars!
The thrashing horror tramples you!
You die...

You could see an angel, an ophan, a thrashing horror and a large abomination.

Vanquished Creatures
  Maud (D:11)
  Josephine (D:11)
  A rakshasa (Abyss:2)
  Harold (D:11)
  3 ogre magi (Orc:2)
  A dancing weapon (Abyss:3)
  An unseen horror (D:12)
  3 orc knights
  A hill giant (D:11)
  A worldbinder (Abyss:2)
  Maurice (D:11)
  A centaur skeleton (D:10)
  A hellion (Abyss:2)
  A freezing wraith (Abyss:2)
  4 trolls
  10 two-headed ogres (Orc:2)
  4 raiju (Abyss:3)
  A raiju (shapeshifter) (Abyss:3)
  A shadow (D:11)
  A flying skull (Abyss:3)
  7 yaks
  A wyvern (D:11)
  5 wraiths (D:11)
  A hungry ghost (D:10)
  2 hippogriffs
  2 neqoxecs (Abyss:2)
  2 wargs
  A soldier ant (D:10)
  A water moccasin (D:7)
  A large abomination (Abyss:2)
  14 orc warriors
  An ice beast (D:11)
  3 phantoms
  18 ogres
  A wasp (D:10)
  11 centaurs
  17 big kobolds
  A gnoll sergeant (Orc:1)
  4 giant frogs
  2 jellies (D:11)
  9 wights
  A howler monkey (D:4)
  A crimson imp (D:10)
  A hound (D:9)
  11 orc priests
  3 giant frog zombies (D:11)
  2 iguanas
  15 orc wizards
  6 worker ants
  A hound skeleton (D:11)
  A worker ant zombie (D:3)
  6 adders
  A shadow imp (D:10)
  A white imp (Abyss:2)
  2 oozes
  2 adder skeletons
  A dart slug (D:3)
  3 giant geckos
  35 orcs
  2 giant cockroaches
  A goblin (D:2)
  A hobgoblin (D:3)
  6 jackals
  A ball python zombie (D:3)
  3 bats
  A giant gecko zombie (D:3)
  A giant newt (D:7)
  A jackal zombie (D:3)
  17 kobolds
  A quokka skeleton (D:3)
  A rat (D:3)
272 creatures vanquished.

Action                   |  1- 3 |  4- 6 |  7- 9 | 10-12 || total
-------------------------+-------+-------+-------+-------++-------
Melee: Unarmed           |     6 |       |     1 |       ||     7
       War axe           |       |       |     8 |     1 ||     9
       Rapier            |       |       |       |    13 ||    13
       Falchion          |       |       |       |     3 ||     3
Throw: Javelin           |       |     4 |       |       ||     4
 Cast: Flame Tongue      |    39 |    62 |    61 |    83 ||   245
       Inner Flame       |       |     7 |     8 |    21 ||    36
       Conjure Flame     |       |     7 |    11 |    16 ||    34
       Sticky Flame      |       |     2 |    19 |    31 ||    52
       Fireball          |       |       |    23 |   125 ||   148
       Delayed Fireball  |       |       |       |     4 ||     4
       Passage of Golubr |       |       |       |     1 ||     1
       Orb of Destructio |       |       |       |     1 ||     1
Invok: Channel Energy    |       |    25 |    98 |   252 ||   375
 Abil: Release Delayed F |       |       |       |     3 ||     3
Evoke: Wand              |       |     1 |       |     1 ||     2
  Use: Scroll            |       |     6 |       |     7 ||    13
       Potion            |       |     5 |     1 |     6 ||    12
  Eat: Chunk             |       |     7 |    21 |    50 ||    78
       Meat ration       |       |       |     1 |       ||     1
       Bread ration      |       |       |       |     2 ||     2
       Beef jerky        |       |       |       |     3 ||     3
       Pizza             |       |       |       |     2 ||     2
Armor: Robe              |     4 |     2 |     4 |    20 ||    30
       Troll hide        |       |       |     3 |    11 ||    14
Dodge: Dodged            |    14 |    10 |    32 |    52 ||   108
Block: Buckler           |       |       |     5 |    29 ||    34

Vault maps used:
D:1:      dpeg_arrival_simpleton_c, serial_corexii_hall, corexii_hall_statues_x,
          corexii_hall_statues_i, corexii_hall_statues_l
D:2:      old_standard_altar, lemuel_round_altar, okawaru_gym_becter,
          uniq_sigmund
D:3:      nicolae_ru_awakened_eye, serial_undead, serial_undead_c,
          serial_undead_e, serial_undead_e, serial_undead_d, serial_undead_f,
          serial_undead_c, serial_undead_e, uniq_grinder
D:4:      nicolae_overflow_hidden_temple, minmay_temple_entry_statues_pillars
D:5:      lemuel_upstairs_altar, first_bread, serial_shops, shop,
          ashenzari_altar_1
D:6:      zin_purify, kennysheep_mini, lemuel_doored_altar,
          kennysheep_little_box, serial_co_window_serial, co_window_corner_a,
          co_window_paths_a, co_window_paths_a, co_window_paths_b,
          co_window_paths_b, co_window_corner_cb, co_window_broadway_a,
          co_window_corner_b, co_window_corner_b, co_window_4corner_a,
          glass_columns_a, glass_columns_b, glass_columns_a
D:7:      lemuel_zombie_altar_yredelemnul
D:8:      hangedman_pestilent_swarm, uniq_pikel
D:9:      makhleb_heckhound_becter, basic_altar
D:10:     lair_0_dummy, serial_shops, nicolae_shop_trees, shop, shop_statue
D:11:     uniq_josephine, uniq_harold, uniq_urug, uniq_maud, uniq_maurice
D:12:     orc_0_dummy
Temple:   triangle_lava_temple_12
Orc:1:    sword_in_stone
Orc:2:    st_orc_ogre_mass, serial_shops, shop
